 Dungeon Crawl Stone Soup version 0.30-a0-1035-g38d5fb2972 (webtiles) character file.

Game seed: 4064301911208479429

1519951 EnegeticOcto the Sorcerer (level 25, 234/237 HPs)
             Began as a Black Draconian Cinder Acolyte on Mar 20, 2023.
             Was a High Priest of Ignis.
             Escaped with the Orb
             ... and 3 runes on Apr 8, 2023!
             The game lasted 02:45:58 (81145 turns).

EnegeticOcto the Sorcerer (DrCA)                   Turns: 81145, Time: 02:45:59

Health: 234/237    AC: 22    Str: 21    XL:     25   Next: 51%
Magic:  49/49      EV: 22    Int: 21    God:    Ignis [*****.]
Gold:   3985       SH: 20    Dex: 15    Spells: 34/69 levels left

rFire   + + .      SeeInvis +    Z - staff of air "Qoebaa" {rElec Will+ Str+4}
rCold   + . .      Faith    .    W - +5 kite shield {reflect}
rNeg    + + +      Spirit   .    (body armour unavailable)
rPois   +          Reflect  +    G - +0 mask of the Dragon {Will+ Slay+3 SInv}
rElec   +          Rampage  .    U - +2 cloak {Will+}
rCorr   .                        D - +2 pair of gloves {Dex+3}
Will    ++++.                    N - +1 pair of boots of Wukoab {rElec rC+ rN+++ Dex-2}
Stlth   +                        F - amulet of Vitality {RegenMP++ Regen++}
HPRegen 2.19/turn                Y - ring "Batyb" {Fly rPois rF+ Dex+2}
MPRegen 1.11/turn                C - ring of the Octopus King {Wiz HP+2 AC+2 EV+2 SH+2}

@: flying, studying Long Blades
A: breathe lightning, AC +12, unfitting armour, big wings, electricity
resistance, cold-blooded
0: Orb of Zot
}: 3/15 runes: barnacled, silver, gossamer
a: Breathe Lightning, Renounce Religion, Fiery Armour, Foxfire Swarm, Rising
Flame


You escaped.
You worshipped Ignis.
Ignis was extremely pleased with you.
You visited 10 branches of the dungeon, and saw 49 of its levels.
You also visited: Gauntlet.

You collected 7537 gold pieces.
You spent 3552 gold pieces at shops.

Inventory:

Missiles
 l - 21 curare-tipped darts
 J - 2 throwing nets {!f}
Armour
 D - a +2 pair of gloves of dexterity (worn)
   (You found it on level 4 of the Spider Nest)
 G - the +0 mask of the Dragon (worn) {Will+ Slay+3 SInv}
   (You found it on level 4 of the Shoals)

   Slay:      It affects your accuracy & damage with ranged weapons and melee
   (+3).
   SInv:      It lets you see invisible.
   Will:      It increases your willpower.
 N - the +1 pair of boots of Wukoab (worn) {rElec rC+ rN+++ Dex-2}
   (You acquired it on level 2 of the Vaults)

   Dex:       It affects your dexterity (-2).
   rC:        It protects you from cold.
   rElec:     It insulates you from electricity.
   rN:        It renders you almost immune to negative energy.
 U - a +2 cloak of willpower (worn)
   (You took it off a draconian monk on level 3 of the Realm of Zot)
 W - a +5 kite shield of reflection (worn)
   (You took it off Donald on level 2 of the Orcish Mines)
Magical Staves
 Z - the staff of air "Qoebaa" (weapon) {rElec Will+ Str+4}
   (You found it on level 3 of the Elven Halls)

   [staff of air]

   Base accuracy: +5 Base damage: 5 Base attack delay: 1.2 This weapon's minimum
   attack delay (0.6) is reached at skill level 12.
   Str:       It affects your strength (+4).
   rElec:     It insulates you from electricity.
   Will:      It increases your willpower.
   It falls into the 'Staves' category.
   It is a one-handed weapon.
Jewellery
 a - the ring "Goqeucus" {rPois MP+9 Str+4 Stlth-}
   (You bought it in a shop on level 2 of the Orcish Mines)

   [ring of magical power]

   Str:       It affects your strength (+4).
   rPois:     It protects you from poison.
   MP:        It affects your magic capacity (+9).
   Stlth:     It makes you less stealthy.
 C - a ring of the Octopus King (right hand) {Wiz HP+2 AC+2 EV+2 SH+2}
   (You found it on level 3 of the Spider Nest)

   [ring of wizardry]

   It improves your spell success rate.
   AC:        It affects your AC (+2).
   EV:        It affects your evasion (+2).
   HP:        It affects your health (+2).
   SH:        It affects your SH (+2).
 F - the amulet of Vitality (around neck) {RegenMP++ Regen++}
   (You took it off a tengu warrior on level 1 of the Depths)

   [amulet of magic regeneration]

   It increases your rate of magic regeneration.
   Regen:     It increases your rate of health regeneration.
 Y - the ring "Batyb" (left hand) {Fly rPois rF+ Dex+2}
   (You took it off a tengu reaver on level 14 of the Dungeon)

   [ring of poison resistance]

   Dex:       It affects your dexterity (+2).
   rF:        It protects you from fire.
   rPois:     It protects you from poison.
   Fly:       It grants you flight.
Wands
 k - a wand of iceblast (10) {@v2}
   (You found it on level 5 of the Dungeon)
 u - a wand of polymorph (30)
   (You found it on level 10 of the Dungeon)
 K - a wand of flame (123) {@v4}
   (You found it on level 6 of the Dungeon)
 P - a wand of charming (29)
   (You took it off an orc warrior on level 9 of the Dungeon)
 S - a wand of digging (16) {@v3}
   (You found it on level 4 of the Lair of Beasts)
 T - a wand of acid (23) {@v1}
   (You found it on level 3 of the Vaults)
 X - a wand of mindburst (18)
   (You found it on level 12 of the Dungeon)
Scrolls
 e - 14 scrolls of teleportation {@r3 !r}
 f - 6 scrolls of torment
 g - 10 scrolls of fear {!r}
 j - 7 scrolls of poison
 r - 7 scrolls of immolation
 v - 5 scrolls of amnesia
 x - 6 scrolls of vulnerability
 y - 8 scrolls of blinking {@r4}
 z - 6 scrolls of fog {!r}
 A - a scroll of silence {!r}
 Q - 8 scrolls of enchant armour
 V - 3 scrolls of summoning
Potions
 b - 4 potions of cancellation
 c - 11 potions of ambrosia
 d - 8 potions of lignification {@q6}
 h - 27 potions of curing {@q1 !q}
 i - 9 potions of might {@q3 !q}
 m - 4 potions of resistance
 p - 7 potions of brilliance
 q - 3 potions of berserk rage
 t - 3 potions of magic
 B - 11 potions of haste {@q4 !q}
 I - 16 potions of mutation
 L - 8 potions of attraction
 M - 9 potions of heal wounds {@q2 !q}
 O - 6 potions of invisibility
Miscellaneous
 n - a phantom mirror
   (You found it on level 3 of the Elven Halls)
 o - a lightning rod (4/4)
   (You found it on level 3 of the Spider Nest)
 w - a tin of tremorstones (2/2)
   (You found it on level 3 of the Spider Nest)
 E - a condenser vane
   (You found it in a Gauntlet)
 R - a phial of floods
   (You found it on level 1 of the Lair of Beasts)


   Skills:
 - Level 21.0 Fighting
 - Level 3.0 Axes
 - Level 16.0 Dodging
 - Level 7.0 Stealth
 - Level 15.0 Shields
 + Level 22.7 Spellcasting
 - Level 10.0 Conjurations
 - Level 3.0 Translocations
 - Level 10.0 Transmutations
 - Level 12.0 Fire Magic
 - Level 20.0 Air Magic
 - Level 15.0 Evocations


You had 34 spell levels left.
You knew the following spells:

 Your Spells              Type           Power      Damage    Failure   Level
a - Airstrike             Air            52%        2d(8-24)  0%          4
b - Maxwell's Capacitive  Air            52%        ∞         2%          8
c - Arcjolt               Conj/Air       46%        1d56      1%          5
d - Static Discharge      Conj/Air       100%       2-7/arc   0%          2
e - Apportation           Tloc           72%        N/A       1%          1
f - Scorch                Fire           100%       2d9       1%          2
g - Plasma Beam           Fire/Air       47%        2x1d67    1%          6
z - Irradiate             Conj/Tmut      30%        3d21      1%          5
Y - Blink                 Tloc           72%        N/A       1%          2

Your spell library contained the following spells:

 Spells                   Type           Power      Damage    Failure   Level
 Shock                    Conj/Air       100%       1d9       0%          1
 Swiftness                Air            100%       N/A       0%          3
 Foxfire                  Conj/Fire      100%       2x1d9     1%          1
 Kiss of Death            Conj/Necr      100%       2d13      1%          1
 Necrotise                Necr           92%        1d8       1%          1
 Sandblast                Erth           46%        2d11      1%          1
 Sting                    Tmut/Pois      100%       1d8       1%          1
 Summon Small Mammal      Summ           92%        N/A       1%          1
 Call Imp                 Summ           46%        N/A       1%          2
 Cigotuvi's Dreadful Rot  Necr/Pois/Air  100%       N/A       1%          2
 Lesser Beckoning         Tloc           72%        N/A       1%          2
 Momentum Strike          Conj/Tloc      100%       3d10      1%          2
 Poisonous Vapours        Pois/Air       100%       N/A       1%          2
 Sublimation of Blood     Necr           23%        N/A       1%          2
 Wereblood                Tmut           60%        N/A       1%          2
 Dazzling Flash           Conj/Hex       88%        N/A       1%          3
 Inner Flame              Hex/Fire       49%        N/A       1%          3
 Mephitic Cloud           Conj/Pois/Air  78%        N/A       1%          3
 Portal Projectile        Hex/Tloc       60%        N/A       1%          3
 Vhi's Electric Charge    Tloc/Air       100%       N/A       1%          3
 Flame Wave               Conj/Fire      63%        2d15      1%          4
 Ice Form                 Ice/Tmut       44%        N/A       1%          4
 Sticky Flame             Conj/Fire      63%        2d8       1%          4
 Summon Lightning Spire   Summ/Air       78%        N/A       1%          4
 Blade Hands              Tmut           30%        N/A       1%          5
 Fireball                 Conj/Fire      31%        3d13      1%          5
 Freezing Cloud           Conj/Ice/Air   39%        6-21      1%          5
 Silence                  Hex/Air        39%        N/A       1%          5
 Starburst                Conj/Fire      31%        6d10      1%          6
 Storm Form               Tmut/Air       46%        N/A       2%          7
 Call Canine Familiar     Summ           23%        N/A       3%          3
 Confusing Touch          Hex            23%        N/A       3%          3
 Frozen Ramparts          Ice            46%        1d7       3%          3
 Summon Guardian Golem    Hex/Summ       23%        N/A       3%          3
 Vampiric Draining        Necr           23%        2d7       3%          3
 Manifold Assault         Tloc           36%        N/A       3%          4
 Alistair's Intoxication  Tmut/Pois      29%        N/A       4%          5
 Yara's Violent Unravell  Hex/Tmut       22%        3d10      4%          5
 Anguish                  Hex/Necr       11%        N/A       12%         4
 Animate Dead             Necr           23%        N/A       12%         4
 Dispel Undead            Necr           23%        3d12      12%         4
 Leda's Liquefaction      Hex/Erth       11%        N/A       12%         4
 Olgreb's Toxic Radiance  Pois           23%        N/A       12%         4
 Summon Ice Beast         Ice/Summ       23%        N/A       12%         4
 Dragon Form              Tmut           30%        N/A       16%         7
 Orb of Destruction       Conj           30%        9d10      16%         7
 Summon Forest            Summ/Tloc      15%        N/A       17%         5
 Iron Shot                Conj/Erth      22%        9d5       24%         6
 Statue Form              Tmut/Erth      29%        N/A       24%         6
 Agony                    Necr           23%        N/A       32%         5
 Borgnjor's Vile Clutch   Necr/Erth      11%        N/A       32%         5
 Lee's Rapid Deconstruct  Erth           11%        3d8*      32%         5
 Summon Mana Viper        Hex/Summ       23%        N/A       32%         5
 Ignition                 Fire           32%        3d10      47%         8
 Spellforged Servitor     Conj/Summ      22%        N/A       75%         7
 Death Channel            Necr           11%        N/A       86%         6
 Summon Cactus Giant      Summ           11%        N/A       86%         6
 Malign Gateway           Summ/Tloc      15%        N/A       99%         7
 Enfeeble                 Hex            11%        N/A       100%        7
 Haunt                    Necr/Summ      11%        N/A       100%        7
 Ozocubu's Refrigeration  Ice            11%        4d10      100%        7
 Summon Hydra             Summ           11%        N/A       100%        7
 Necromutation            Tmut/Necr      22%        N/A       100%        8
 Summon Horrible Things   Summ           11%        N/A       100%        8


Dungeon Overview and Level Annotations

Branches:
Dungeon (15/15)            Temple (0/1) D:6            Lair (5/5) D:10
 Shoals (4/4) Lair:2       Spider (4/4) Lair:3        Slime (2/5) Lair:5
    Orc (2/2) D:10            Elf (3/3) Orc:2        Vaults (5/5) D:13
  Crypt (0/3) Vaults:2     Depths (4/4) D:15            Zot (5/5) Depths:4
Gauntlet (visited)

Altars:
Ashenzari
Cheibriados
Fedhas
Kikubaaqudgha
Nemelex Xobeh
Okawaru
Ru
Sif Muna
Uskayaw
Vehumet
Wu Jian
Xom
Yredelemnul
Jiyva

Shops:
D:1 *   D:5 *=   D:8 (:   D:9 *=   D:12 *   D:13 :   D:15 !   Orc:2 =*[:
Elf:1 *   Elf:3 :=:=   Shoals:4 ?

Portals:
Hell: Depths:1 Depths:2 Depths:3 Depths:4
Abyss: Depths:3
Pandemonium: Depths:2
Ziggurat: Depths:1

Annotations:
D:11 exclusion: obsidian statue
D:14 exclusion: 4 downstairs
Shoals:3 exclusion: orange crystal statue
Slime:2 Dissolution
Elf:2 4 runed translucent doors, Wopeutesag's ghost, adept DECj
Depths:3 3 runed translucent doors, Biunumosm's ghost, adept OpVM
Zot:5 3 runed translucent doors, Calu's ghost, legendary KoHu


Innate Abilities, Weirdness & Mutations

You can breathe wild blasts of lightning.
Your glossy black scales are hard. (AC +12)
You cannot fit into any form of body armour.
Your large and strong wings let you fly.
You are resistant to electric shocks. (rElec)
You are cold-blooded and may be slowed by cold attacks.


Message History

The bolt of lightning hits the Brimstone Fiend!
The Brimstone Fiend is moderately wounded.
The fiery plasma hits the Brimstone Fiend.
The Brimstone Fiend completely resists.
The Brimstone Fiend is moderately wounded.
Casting: Plasma Beam (mildly dangerous; 1% risk of failure)
Press: ? - help, Q - select action, (/) - cycle Dir - look around, f - activate You feel a surge of power!
The bolt of lightning hits the Brimstone Fiend!
The Brimstone Fiend is moderately wounded.
The fiery plasma hits the Brimstone Fiend.
The Brimstone Fiend completely resists.
The Brimstone Fiend is moderately wounded.
The Brimstone Fiend gestures at you.
The sphere of damnation explodes!
The damnation engulfs you!!!
Casting: Plasma Beam (mildly dangerous; 1% risk of failure)
Confirm with . or Enter, or press ? or * to list all spells.
You feel a surge of power!
You begin accumulating electric charge. (Press . to continue charging.)
You feel charge building up...
You feel charge building up...
You feel charge building up...
The Brimstone Fiend calls on the powers of darkness!
Your body is wracked with pain!
You feel charge building up... The Brimstone Fiend gestures at you.
The sphere of damnation explodes!
The damnation engulfs you!!
The damnation engulfs the Brimstone Fiend.
The Brimstone Fiend completely resists.
The electricity discharges through the Brimstone Fiend!
The Brimstone Fiend vaporises in an electric haze!
You kill the Brimstone Fiend!
(D) Dungeon (T) Temple (L) Lair (A) Shoals (N) Spider Nest (M) Slime Pits (O) Orcish Mines (E) Elven Halls (V) Vaults (C) Crypt (U) Depths (H) Hell (Z) Zot
Where to? (Enter - D:1 @ (x,y), ? - help)
An orc comes into view. It is wielding a +0 hand axe.
The orc shouts!
Casting: Plasma Beam (mildly dangerous; 1% risk of failure)
Press: ? - help, Q - select action, (/) - cycle Dir - look around, f - activate You feel a surge of power!
The bolt of lightning hits the orc!!
You kill the orc!
(D) Dungeon (T) Temple (L) Lair (A) Shoals (N) Spider Nest (M) Slime Pits (O) Orcish Mines (E) Elven Halls (V) Vaults (C) Crypt (U) Depths (H) Hell (Z) Zot
Where to? (Enter - D:1 @ (x,y), ? - help)
You now have 3985 gold pieces (gained 12).
Items here: ( ) [ †.
Magic restored.
There is a stone staircase leading up here.
You fly upwards.
There is a stone staircase leading down here.
An orange demon comes into view.
Casting: Plasma Beam (mildly dangerous; 1% risk of failure)
Press: ? - help, Q - select action, (/) - cycle Dir - look around, f - activate You feel a surge of power!
The bolt of lightning hits the orange demon!!!
You kill the orange demon!
(D) Dungeon (T) Temple (L) Lair (A) Shoals (N) Spider Nest (M) Slime Pits (O) Orcish Mines (E) Elven Halls (V) Vaults (C) Crypt (U) Depths (H) Hell (Z) Zot
Where to? (Enter - D:1 @ (x,y), ? - help) HP restored.
Magic restored.
There is a stone staircase leading up here.
You fly upwards.
There is a stone staircase leading down here.
There is a stone staircase leading up here.
You fly upwards.
There is a stone staircase leading down here.
A Tiekia and a tormentor come into view.
Blink to where?
Press: ? - help, Dir - move target
As you read the scroll of blinking {@r4}, it crumbles to dust.
The tormentor roars!
You fly upwards.
There is a stone staircase leading down here.
(D) Dungeon (T) Temple (L) Lair (A) Shoals (N) Spider Nest (M) Slime Pits (O) Orcish Mines (E) Elven Halls (V) Vaults (C) Crypt (U) Depths (H) Hell (Z) Zot
Where to? (Enter - D:1 @ (x,y), ? - help)
A sun demon comes into view.
Okay, then.
The sun demon moves out of view.
There is an open gate here.
The sun demon attacks as you move away! The sun demon hits you!
You are engulfed in flames.
You resist.
There is an open door here.
The sun demon attacks as you move away! The sun demon misses you.
You block the sun demon's attack.
There is an open door here.
The blizzard demon shouts!
The sun demon attacks as you move away! You block the sun demon's attack.
There is a staircase leading out of the dungeon here.
You block the sun demon's attack. The sun demon completely misses you.
You have escaped!

..#.# #.≈≈≈≈≈§§§#####.###...
..#.# #..≈≈≈≈≈.§# #.# #... ..#.#
##...≈...## #.###... ..#.# ####
######### ####..##... ..#.#
##..## #≈.≈# ##..##.##(.. ..#.#
#....# ###'#####..§.#.##...
..#.###..#.###.....###§§§§#.##...
..#.#.#....#.#..>..#8#§§§.'.##...
..#.#.#....#.'..@3.'.'§§§.'.##.##
###'#.#....#.#.....#8#§§§.'.####.
'.....#..#.###.....###.§§.#.###..
#.....#....# ###'#####..§.#.##.#.
#.....##..# #~.≈# ##..##.##.#.
#....####### ####### #####.##.#.
...........##...2...# #........
..########.#.........# #......#.
..# #.#.........# #......#.


You could see a blizzard demon and a sun demon.

Vanquished Creatures
  A dread lich (Vaults:5)
  An orb of fire (Zot:4)
  An ancient lich (Vaults:5)
  Sojobo (Vaults:2)
  Boris (twice) (Vaults:3 Vaults:4)
  Frederick (Vaults:3)
  4 caustic shrikes (Depths:1)
  Bai Suzhen (Vaults:5)
  Saint Roka (Depths:3)
  12 golden dragons
  the Enchantress (Depths:4)
  The ghost of Ceba Yti the Executioner, a veteran GrFi of the Shining One (Vaults:3)
  2 doom hounds (Depths:2)
  A Brimstone Fiend (D:5)
  Zenata (Vaults:2)
  Arachne (Spider:2)
  3 electric golems
  Jorgrun (Spider:1)
  Grunn (Depths:2)
  Rupert (D:14)
  5 tentacled monstrosities
  2 deep elf master archers (Elf:3)
  7 Orb Guardians
  2 deep elf blademasters (Elf:3)
  8 liches
  A walking frostbound tome (Depths:1)
  3 titans
  4 quicksilver dragons
  6 sphinxes
  A kraken (Shoals:1)
  3 acid blobs
  Kirke (Spider:1)
  9 death cobs
  9 tengu reavers
  An Executioner (Depths:2)
  7 shadow dragons
  11 storm dragons
  Donald (Orc:2)
  Agnes (Spider:1)
  3 draconian monks
  A rockslime (Slime:1)
  13 fire giants
  8 draconian knights
  12 frost giants
  Louise (D:14)
  6 deep elf sorcerers
  4 emperor scorpions (Spider:4)
  A draconian scorcher (Zot:4)
  2 iron dragons (Vaults:5)
  A juggernaut zombie (Depths:1)
  A ghost moth (shapeshifter) (Vaults:5)
  5 deep elf elementalists
  A draconian stormcaller (Zot:3)
  18 vault wardens
  7 ghost moths
  6 orc warlords
  A draconian shifter (Zot:5)
  4 broodmothers
  4 draconian annihilators
  19 stone giants
  6 spriggan defenders
  30 very ugly things
  24 ironbound preservers
  A reaper (Depths:2)
  6 vampire knights
  7 green draconians
  10 yellow draconians
  5 ironbound thunderhulks
  19 dire elephants
  5 red draconians
  9 purple draconians
  3 white draconians
  7 black draconians
  7 deep elf demonologists
  A minotaur (Gauntlet)
  5 deep elf annihilators (Elf:3)
  5 spark wasps
  10 ettins
  Snorg (D:13)
  A green death (Depths:3)
  A blizzard demon (Depths:3)
  5 entropy weavers
  12 yaktaur captains
  6 fire dragons
  9 merfolk impalers
  3 deep elf high priests
  11 deep elf death magi
  A rakshasa (Depths:1)
  6 jiangshi
  The ghost of
  112233 the Zephyrmancer, a journeyman TeAE of Vehumet (Lair:1)
  7 merfolk javelineers
  9 great orbs of eyes
  Fannar (Lair:1)
  13 ice dragons
  26 vault guards
  8 hydras
  4 jorogumos
  2 radroaches
  A death knight (D:14)
  A catoblepas (D:13)
  6 spriggan air magi
  3 alligator snapping turtles
  4 ironbound frosthearts
  14 boulder beetles
  24 centaur warriors
  4 merfolk aquamancers
  7 two-headed ogres
  2 satyrs
  10 dancing weapons
  2 tengu warriors (Depths:1)
  5 merfolk avatars
  5 death yaks (Lair:4)
  6 vampire magi
  10 deep troll shamans
  13 deep troll earth magi
  8 spriggans
  Nergalle (Lair:3)
  Amaemon (Lair:1)
  6 orc high priests (Orc:2)
  3 spriggan berserkers
  The ghost of
  112233 the Zephyrmancer, a novice TeAE of Vehumet (Orc:1)
  7 hell knights (Depths:3)
  3 soul eaters
  12 deep elf knights
  3 skysharks
  6 skeletal warriors
  11 iron trolls
  2 sun demons
  A shadow demon (Zot:4)
  10 pharaoh ants
  16 sea snakes
  57 deep trolls
  7 glowing orange brains
  11 orb spiders
  3 flayed ghosts
  21 wizards
  16 deep elf archers
  19 ironbound convokers
  A tengu zombie (Depths:2)
  31 harpies
  A lindwurm (shapeshifter) (D:15)
  5 lindwurms
  Pikel (D:5)
  9 orc knights
  An orange crystal statue (Gauntlet)
  2 phantasmal warriors
  20 deep elf pyromancers
  9 steelbarb worms
  2 orc sorcerers (Orc:2)
  27 deep elf zephyrmancers
  A sphinx skeleton (Depths:1)
  A human zombie (Vaults:5)
  9 necromancers
  A fire giant zombie (Vaults:4)
  20 wolf spiders
  2 shadow dragon skeletons
  53 ugly things
  9 cyclopes
  17 manticores
  2 iron dragon zombies
  3 fauns (Shoals:3)
  2 stone giant zombies
  21 moths of wrath
  An elephant (shapeshifter) (D:14)
  A moth of wrath (shapeshifter) (Vaults:4)
  5 water nymphs
  Joseph (D:7)
  A rust devil (Depths:3)
  Maurice (Orc:1)
  11 demonic crawlers
  23 vault sentinels
  10 black mambas
  6 merfolk sirens
  12 elephants
  A smoke demon (Depths:3)
  A black mamba (shapeshifter) (Vaults:5)
  3 molten gargoyles
  2 gargoyles
  3 orange demons
  A titan simulacrum (Depths:1)
  9 torpor snails
  A hellion (D:8)
  11 komodo dragons
  9 cane toads
  3 unseen horrors
  25 yaktaurs
  2 efreet
  A rime drake (D:10)
  A spark wasp simulacrum (Depths:1)
  4 freezing wraiths
  4 spriggan skeletons
  A yaktaur skeleton (Vaults:4)
  16 meliai
  5 tengu conjurers
  11 trolls
  3 polar bears
  5 wind drakes
  A wind drake (shapeshifter) (D:14)
  32 merfolk
  Grinder (D:5)
  25 tarantellas
  A spriggan zombie (Depths:1)
  19 blink frogs
  A hellwing (Depths:3)
  11 hornets
  11 snapping turtles
  19 dream sheep
  2 ettin skeletons
  24 culicivoras
  33 jumping spiders
  An air elemental (Elf:1)
  25 slime creatures
  3 vampires
  10 water elementals
  2 wraiths (D:14)
  A shadow (D:12)
  A centaur simulacrum (D:14)
  36 yaks
  9 wyverns
  6 fire elementals
  6 golden eyes (Slime:1)
  A hog (shapeshifter) (Elf:2)
  4 steam dragons
  5 basilisks
  A ynoxinul (Depths:3)
  A neqoxec (Depths:3)
  2 human simulacra (Vaults:5)
  A chaos spawn (Depths:3)
  6 hogs (Spider:1)
  64 redbacks
  17 vampire mosquitoes
  8 wargs
  A swamp worm (shapeshifter) (Vaults:5)
  4 acid dragons
  2 floating eyes
  7 hell hounds
  12 water moccasins
  A floating eye (shapeshifter) (Depths:4)
  2 black bears (D:5)
  2 meliai simulacra (D:14)
  47 orc warriors
  A tengu (shapeshifter) (Vaults:5)
  An ettin simulacrum (Vaults:5)
  3 wolves
  8 ogres
  8 ice beasts
  4 boggarts
  10 centaurs
  A human skeleton (Vaults:4)
  2 lemures
  A phantom (D:6)
  A kobold brigand (D:9)
  7 bullfrogs
  2 earth elementals
  A glowing shapeshifter simulacrum (Vaults:4)
  6 scorpions
  4 wights (D:9)
  12 killer bees
  A howler monkey (D:5)
  An electric eel (D:6)
  5 lava snakes (Lair:5)
  2 jellies
  6 hounds
  40 orc priests
  A sleepcap (D:5)
  5 iguanas
  27 orc wizards
  5 hell rats (Lair:3)
  A lightning spire (Zot:3)
  4 gnolls (D:7)
  Robin (D:2)
  8 adders
  A shadow imp (Gauntlet)
  A white imp (Gauntlet)
  2 worms (D:4)
  103 orcs
  3 endoplasms
  2 giant cockroaches
  11 goblins
  15 hobgoblins
  3 jackals (D:2)
  7 kobolds
  A quokka (D:2)
  2 ball pythons
  5 bats
  A frilled lizard (D:1)
  A rat (D:3)
  6 tentacles (Shoals:1)
2122 creatures vanquished.

Vanquished Creatures (collateral kills)
  A vault warden (Vaults:5)
1 creature vanquished.

Vanquished Creatures (others)
  A spark wasp (Depths:2)
  A vampire mage (Depths:1)
  A deep elf zephyrmancer (Elf:1)
  A wyvern (Lair:5)
  45 fungi
  190 plants
  2 tentacles (Shoals:1)
  10 withered plants (D:15)
251 creatures vanquished.

Grand Total: 2374 creatures vanquished

Notes
Turn   | Place    | Note
-------+----------+-------------------------------------------
     0 | D:1      | EnegeticOcto the Draconian Cinder Acolyte began the quest
                  | for the Orb.
     0 | D:1      | Reached XP level 1. HP: 19/19 MP: 2/2
    93 | D:1      | Reached skill level 1 in Stealth
   156 | D:1      | Found Ranaebb's General Store.
   345 | D:1      | Bought a potion of curing for 33 gold pieces
   516 | D:1      | Reached XP level 2. HP: 20/26 MP: 3/3
   519 | D:1      | Learned a level 2 spell: Scorch
   765 | D:1      | Bought 3 curare-tipped darts for 39 gold pieces
   903 | D:2      | You fall into a shaft and drop 2 floors!
   903 | D:4      | Found an ornate altar of the Wu Jian Council.
   975 | D:4      | Found a radiant altar of Vehumet.
  1142 | D:2      | Reached skill level 2 in Stealth
  1369 | D:2      | Noticed Robin
  1470 | D:1      | Reached XP level 3. HP: 25/31 MP: 1/4
  1525 | D:2      | Killed Robin
  1850 | D:3      | Reached skill level 4 in Fire Magic
  2506 | D:3      | Found a snail-covered altar of Cheibriados.
  2715 | D:4      | Reached XP level 4. HP: 36/38 MP: 0/5
  3040 | D:4      | Reached skill level 5 in Fire Magic
  3058 | D:4      | Reached skill level 2 in Spellcasting
  3058 | D:4      | Reached XP level 5. HP: 22/45 MP: 1/8
  3252 | D:4      | Found an iron altar of Okawaru.
  3513 | D:4      | Reached skill level 3 in Spellcasting
  3750 | D:5      | Entered Level 5 of the Dungeon
  4003 | D:5      | Noticed a lemure
  4004 | D:5      | Noticed a lemure
  4026 | D:4      | Killed a lemure
  4108 | D:5      | Killed a lemure
  4302 | D:5      | Noticed Pikel
  4307 | D:5      | Killed Pikel
  4308 | D:5      | Reached skill level 3 in Stealth
  4308 | D:5      | Reached skill level 4 in Fighting
  4308 | D:5      | Reached skill level 6 in Fire Magic
  4308 | D:5      | Reached skill level 4 in Spellcasting
  4308 | D:5      | Reached skill level 1 in Dodging
  4308 | D:5      | Reached XP level 6. HP: 52/52 MP: 1/12
  4308 | D:5      | Your scales start taking on a glossy black colour.
  4308 | D:5      | Reached XP level 7. HP: 59/59 MP: 1/13
  4308 | D:5      | Gained mutation: You are resistant to electric shocks.
                  | (rElec) [Black Draconian growth]
  4311 | D:5      | Learned a level 2 spell: Static Discharge
  4317 | D:5      | Learned a level 6 spell: Plasma Beam
  4527 | D:5      | Found a hide-covered altar of Uskayaw.
  4923 | D:5      | Reached skill level 2 in Dodging
  4923 | D:5      | Reached skill level 1 in Air Magic
  5005 | D:5      | Noticed Grinder
  5013 | D:5      | Killed Grinder
  5014 | D:5      | Reached skill level 3 in Dodging
  5014 | D:5      | Reached skill level 3 in Air Magic
  5139 | D:5      | Noticed a two-headed ogre
  5152 | D:5      | Reached skill level 4 in Air Magic
  5152 | D:5      | Reached XP level 8. HP: 66/66 MP: 4/14
  5166 | D:5      | Killed a two-headed ogre
  5167 | D:5      | Reached skill level 8 in Air Magic
  5291 | D:5      | Reached skill level 9 in Air Magic
  5593 | D:5      | Reached XP level 9. HP: 68/71 MP: 15/15
  5777 | D:5      | Found Baitai's Assorted Antiques.
  5778 | D:5      | Found Sunom's Jewellery Boutique.
  5787 | D:5      | Reached skill level 10 in Air Magic
  5819 | D:5      | Bought a bubbling orange potion for 22 gold pieces
  5819 | D:5      | Bought a scroll labelled RYZ NOSARGHUA for 25 gold pieces
  5819 | D:5      | Bought a clear potion for 22 gold pieces
  5827 | D:5      | Bought a scroll of identify for 50 gold pieces
  6390 | D:6      | Reached skill level 5 in Fighting
  6438 | D:6      | Found a broken altar of Ashenzari.
  6460 | D:6      | Reached skill level 5 in Spellcasting
  6463 | D:6      | Learned a level 2 spell: Blink
  6469 | D:6      | Learned a level 5 spell: Arcjolt
  6751 | D:6      | Reached skill level 1 in Conjurations
  6824 | D:6      | Found a staircase to the Ecumenical Temple.
  6860 | D:6      | Found a sacrificial altar of Ru.
  6860 | D:6      | Found a shimmering altar of Xom.
  6860 | D:6      | Found a shimmering blue altar of Sif Muna.
  7311 | D:6      | Reached skill level 6 in Fighting
  7347 | D:6      | Reached skill level 2 in Conjurations
  7888 | D:7      | Noticed Joseph
  8011 | D:7      | Noticed a boulder beetle
  8025 | D:7      | Killed a boulder beetle
  8026 | D:7      | Reached skill level 6 in Spellcasting
  8026 | D:7      | Reached skill level 3 in Conjurations
  8026 | D:7      | Reached XP level 10. HP: 84/84 MP: 12/19
  8333 | D:7      | Killed Joseph
  8334 | D:7      | Reached skill level 7 in Fighting
  8334 | D:7      | Reached skill level 11 in Air Magic
  8539 | D:7      | Found a sparkling altar of Nemelex Xobeh.
  9013 | D:8      | Reached skill level 4 in Conjurations
  9299 | D:8      | Found Kuuneuqoag's Book Emporium.
  9548 | D:8      | Found Qausu's Antique Weapon Shoppe.
  9575 | D:8      | Got the Grimoire of Overcast Beckoning
 10507 | D:9      | Found Ohycvir's Island Escapes.
 10599 | D:9      | Reached skill level 8 in Fighting
 10667 | D:9      | Reached skill level 12 in Air Magic
 10828 | D:9      | Found Cataed's Jewellery Boutique.
 11011 | D:9      | Bought a potion of haste for 130 gold pieces
 11011 | D:9      | Bought a scroll of blinking for 97 gold pieces
 11120 | D:10     | Entered Level 10 of the Dungeon
 11368 | D:10     | Reached skill level 1 in Evocations
 11535 | D:10     | Noticed a two-headed ogre
 11547 | D:10     | Killed a two-headed ogre
 11548 | D:10     | Reached skill level 2 in Evocations
 11728 | D:10     | Reached skill level 4 in Dodging
 11728 | D:10     | Reached XP level 11. HP: 94/94 MP: 4/20
 11988 | D:10     | Reached skill level 5 in Conjurations
 11988 | D:10     | Found a staircase to the Orcish Mines.
 12138 | D:10     | Found a blossoming altar of Fedhas.
 12152 | D:10     | Identified the ring of Sif Muna's Scorn {rN+ Will+ AC+4
                  | Slay+3}
 12163 | D:10     | Reached skill level 3 in Evocations
 12518 | D:10     | Found a staircase to the Lair.
 12662 | D:10     | Reached skill level 7 in Spellcasting
 13069 | Lair:1   | Entered Level 1 of the Lair of Beasts
 13191 | Lair:1   | Reached skill level 4 in Evocations
 13385 | Lair:1   | Reached skill level 5 in Dodging
 13409 | Lair:1   | Reached skill level 6 in Conjurations
 13864 | Lair:1   | Noticed Fannar
 14205 | Lair:1   | Found a runed translucent door.
 14205 | Lair:1   | Noticed a spriggan rider
 14209 | Lair:1   | Identified the +1 trident of Baqikoar {flame, rElec rPois
                  | rF- Dex-5}
 14209 | Lair:1   | Noticed 112233's ghost (journeyman TeAE)
 14230 | Lair:1   | Killed Fannar
 14443 | Lair:2   | Noticed a skyshark
 14453 | Lair:2   | Killed a skyshark
 14454 | Lair:2   | Reached skill level 5 in Evocations
 15132 | Lair:2   | Reached skill level 9 in Fighting
 15141 | Lair:2   | Reached XP level 12. HP: 67/104 MP: 5/23
 15513 | Lair:2   | Noticed Amaemon
 15528 | Lair:1   | Killed Amaemon
 15529 | Lair:1   | Reached skill level 8 in Spellcasting
 15529 | Lair:1   | Reached skill level 7 in Conjurations
 15653 | Lair:2   | Reached skill level 6 in Dodging
 16193 | Lair:2   | You fall into a shaft and drop 1 floor!
 16211 | Lair:3   | Noticed a four-headed hydra
 16212 | Lair:3   | Reached skill level 6 in Evocations
 16660 | Lair:2   | Found a staircase to the Shoals.
 17063 | Lair:3   | Reached skill level 10 in Fighting
 17353 | Lair:3   | Identified the +3 dagger of Poghaa {freeze, Will+}
 17484 | Lair:3   | Reached skill level 13 in Air Magic
 17605 | Lair:3   | Noticed Nergalle
 17626 | Lair:3   | Killed Nergalle
 18163 | Lair:3   | Found a hole to the Spider Nest.
 18174 | Lair:3   | Reached skill level 14 in Air Magic
 18258 | Lair:3   | Killed a four-headed hydra
 18460 | D:9      | Bought 3 scrolls of teleportation for 117 gold pieces
 18460 | D:9      | Bought a scroll of teleportation for 39 gold pieces
 18861 | Lair:3   | Reached skill level 1 in Translocations
 18964 | Lair:4   | Noticed a death yak
 18965 | Lair:4   | Noticed a death yak
 18965 | Lair:4   | Noticed a death yak
 18965 | Lair:4   | Noticed a death yak
 18967 | Lair:4   | Noticed a death yak
 18968 | Lair:4   | Killed a death yak
 18969 | Lair:4   | Reached skill level 2 in Translocations
 18972 | Lair:4   | Killed a death yak
 18976 | Lair:4   | Killed a death yak
 18977 | Lair:4   | Reached skill level 3 in Translocations
 18977 | Lair:4   | Reached skill level 15 in Air Magic
 18977 | Lair:4   | Killed a death yak
 18977 | Lair:4   | Killed a death yak
 19146 | Lair:4   | Noticed a six-headed hydra
 19150 | Lair:4   | Killed a six-headed hydra
 19151 | Lair:4   | Reached XP level 13. HP: 113/113 MP: 14/25
 20789 | Lair:4   | Reached skill level 7 in Evocations
 20866 | Lair:5   | Entered Level 5 of the Lair of Beasts
 20911 | Lair:5   | Reached skill level 11 in Fighting
 20911 | Lair:5   | Reached skill level 9 in Spellcasting
 20920 | Lair:5   | Reached skill level 8 in Evocations
 21073 | Lair:5   | Reached skill level 12 in Fighting
 21277 | Lair:5   | Reached skill level 13 in Fighting
 21330 | Lair:5   | Reached skill level 4 in Stealth
 21898 | Lair:5   | Reached skill level 5 in Stealth
 21957 | Lair:5   | Found a runed translucent door.
 21958 | Lair:5   | Found a viscous altar of Jiyva.
 21958 | Lair:5   | Noticed an acid blob
 21959 | Lair:5   | Noticed an acid blob
 21960 | Lair:5   | Found a staircase to the Slime Pits.
 22067 | Lair:5   | Gained mutation: Your large and strong wings let you fly.
                  | [Black Draconian growth]
 22067 | Lair:5   | Reached XP level 14. HP: 109/129 MP: 16/27
 22531 | Orc:1    | Entered Level 1 of the Orcish Mines
 22566 | Orc:1    | Noticed Maurice
 22572 | Orc:1    | Killed Maurice
 22983 | Orc:1    | Found a runed translucent door.
 23001 | Orc:1    | Noticed an orc warlord
 23006 | Orc:1    | Killed an orc warlord
 23007 | Orc:1    | Reached skill level 14 in Fighting
 23037 | Orc:1    | Noticed 112233's ghost (novice TeAE)
 23410 | Orc:1    | Killed 112233's ghost
 23443 | Orc:1    | Got the Dissertation on the Undead Coals
 23476 | Orc:2    | Entered Level 2 of the Orcish Mines
 23622 | Orc:2    | Noticed Donald
 23630 | Orc:2    | Killed Donald
 23814 | Orc:2    | Reached skill level 1 in Shields
 23972 | Orc:2    | Noticed an orc warlord
 23977 | Orc:2    | Killed an orc warlord
 23978 | Orc:2    | Reached skill level 2 in Shields
 24023 | Orc:2    | Reached skill level 15 in Fighting
 24046 | Orc:2    | Reached skill level 3 in Shields
 24337 | Orc:2    | Reached skill level 4 in Shields
 24554 | Orc:2    | Reached skill level 5 in Shields
 24720 | Orc:2    | Reached skill level 6 in Shields
 24865 | Orc:2    | Found a staircase to the Elven Halls.
 25189 | Orc:2    | Found Ufeat's Book Boutique.
 25189 | Orc:2    | Found Vurhoi's Antique Armour Boutique.
 25190 | Orc:2    | Found Suishob's General Store.
 25190 | Orc:2    | Found Celior's Jewellery Boutique.
 25205 | Orc:2    | Bought a book of Transfigurations for 600 gold pieces
 25211 | Orc:2    | Learned a level 5 spell: Irradiate
 25212 | Orc:2    | Bought a potion of curing for 39 gold pieces
 25212 | Orc:2    | Bought a scroll of fear for 52 gold pieces
 25212 | Orc:2    | Bought a scroll of magic mapping for 97 gold pieces
 25816 | D:11     | Reached skill level 1 in Transmutations
 26451 | D:11     | Reached skill level 2 in Transmutations
 27338 | D:12     | Found Ufimm's Serpentskin Sales.
 27401 | D:12     | Bought 4 curare-tipped darts for 67 gold pieces
 27401 | D:12     | Bought 4 curare-tipped darts for 67 gold pieces
 27669 | D:13     | Noticed Snorg
 27715 | D:13     | Killed Snorg
 27716 | D:13     | Reached skill level 3 in Transmutations
 27820 | D:13     | Reached skill level 7 in Dodging
 27931 | D:13     | Reached XP level 15. HP: 141/141 MP: 17/28
 28164 | D:13     | Found Viteworr's Book Boutique.
 28248 | D:13     | Found a gate to the Vaults.
 28256 | D:13     | Reached skill level 8 in Conjurations
 28795 | D:14     | Noticed Louise
 28807 | D:14     | Killed Louise
 28917 | D:14     | Reached skill level 4 in Transmutations
 29229 | D:14     | Reached skill level 10 in Spellcasting
 29242 | D:14     | Noticed Rupert
 29586 | D:14     | Killed Rupert
 29797 | D:14     | Reached skill level 5 in Transmutations
 29865 | D:14     | Reached skill level 7 in Shields
 29927 | D:14     | Reached skill level 8 in Dodging
 29976 | D:14     | Identified the ring "Batyb" {Fly rPois rF+ Dex+2}
 29976 | D:14     | Noticed a tengu reaver
 29980 | D:14     | Killed a tengu reaver
 29993 | D:14     | Reached skill level 9 in Conjurations
 30333 | D:14     | Identified the staff of air "Wuej" {Fragile rElec rN+ MP+9
                  | Str+3}
 30707 | D:14     | Identified the amulet "Omihar" {Spirit Regen+ Dex+2}
 30796 | D:15     | Entered Level 15 of the Dungeon
 30847 | D:15     | Found Qusec Feergh's Distillery.
 30880 | D:15     | Found a gate leading to a gauntlet.
 30885 | Gauntlet | Entered a Gauntlet
 30885 | Gauntlet | Found a transporter.
 30885 | Gauntlet | Found a transporter.
 30886 | Gauntlet | Found a transporter.
 30886 | Gauntlet | Found a transporter.
 30889 | Gauntlet | Found a transporter.
 30889 | Gauntlet | Found a transporter.
 30903 | Gauntlet | Found a transporter.
 30913 | Gauntlet | Found a transporter.
 30943 | Gauntlet | Found a transporter.
 31019 | Gauntlet | Found a transporter.
 31021 | Gauntlet | Found a transporter.
 31031 | Gauntlet | Found a transporter.
 31196 | Gauntlet | Reached skill level 6 in Transmutations
 31379 | Gauntlet | Identified the +0 hat "Oshureqar" {Str+3}
 31424 | Gauntlet | Identified the +1 ring mail of the Evening Star {rPois}
 31658 | D:15     | Bought a potion of invisibility for 112 gold pieces
 31658 | D:15     | Bought a potion of heal wounds for 70 gold pieces
 31658 | D:15     | Bought a potion of heal wounds for 70 gold pieces
 31686 | D:15     | Reached skill level 8 in Shields
 31780 | D:15     | Found a staircase to the Depths.
 31915 | D:15     | Reached XP level 16. HP: 149/149 MP: 30/30
 32755 | Lair:1   | Reached skill level 9 in Dodging
 32804 | Lair:1   | Killed 112233's ghost
 33046 | Lair:5   | Reached skill level 10 in Conjurations
 33063 | Lair:5   | Reached skill level 7 in Transmutations
 33094 | Lair:5   | Found a large runed translucent door.
 33094 | Lair:5   | Found a large runed translucent door.
 33670 | Shoals:1 | Entered Level 1 of the Shoals
 33732 | Shoals:1 | Upgraded the game from 0.30-a0-916-g98134172ad to
                  | 0.30-a0-983-g7e3032bf44
 33732 | Shoals:1 | Upgraded the game from 0.30-a0-983-g7e3032bf44 to
                  | 0.30-a0-1035-g38d5fb2972
 34221 | Shoals:1 | Reached skill level 9 in Shields
 34505 | Shoals:1 | Noticed a kraken
 34512 | Shoals:1 | Killed a kraken
 34550 | Shoals:1 | Reached skill level 7 in Fire Magic
 35116 | Shoals:1 | Reached skill level 8 in Fire Magic
 36275 | Shoals:2 | Reached skill level 9 in Fire Magic
 37417 | Shoals:3 | Reached skill level 10 in Fire Magic
 38908 | Shoals:4 | Entered Level 4 of the Shoals
 39681 | Shoals:4 | Found Rill's Magic Scroll Emporium.
 39689 | Shoals:4 | Bought a scroll of blinking for 142 gold pieces
 39689 | Shoals:4 | Bought a scroll of blinking for 142 gold pieces
 39689 | Shoals:4 | Bought a scroll of fear for 76 gold pieces
 39689 | Shoals:4 | Bought a scroll of fear for 76 gold pieces
 39689 | Shoals:4 | Bought a scroll of fog for 76 gold pieces
 39689 | Shoals:4 | Bought a scroll of immolation for 76 gold pieces
 39705 | Shoals:4 | Found the +0 mask of the Dragon {Will+ Slay+3 SInv}
 39847 | Shoals:4 | Reached XP level 17. HP: 156/156 MP: 8/31
 39909 | Shoals:4 | Reached skill level 10 in Shields
 40559 | Shoals:4 | Reached skill level 11 in Fire Magic
 40861 | Shoals:4 | Reached skill level 11 in Spellcasting
 41854 | Shoals:4 | Got a barnacled rune of Zot
 42162 | Shoals:4 | Reached skill level 11 in Shields
 42596 | Spider:1 | Entered Level 1 of the Spider Nest
 42644 | Spider:1 | Noticed Agnes
 42648 | Spider:1 | Killed Agnes
 42649 | Spider:1 | Reached skill level 12 in Fire Magic
 42655 | Spider:1 | Reached skill level 12 in Spellcasting
 42981 | Lair:3   | Learned a level 1 spell: Apportation
 43443 | Spider:1 | Noticed Jorgrun
 43467 | Spider:1 | Killed Jorgrun
 44063 | Spider:1 | Noticed Kirke
 44074 | Spider:1 | Killed Kirke
 44938 | Spider:2 | Noticed Arachne
 45175 | Spider:2 | Killed Arachne
 45176 | Spider:2 | Reached XP level 18. HP: 140/163 MP: 22/34
 45983 | Spider:2 | Reached skill level 10 in Dodging
 46645 | Spider:3 | Reached skill level 9 in Evocations
 47351 | Spider:3 | Reached skill level 13 in Spellcasting
 47705 | Spider:3 | Reached skill level 12 in Shields
 47705 | Spider:3 | Reached skill level 16 in Air Magic
 48817 | Spider:3 | Identified the +2 great sword of Moefry {speed, rF- rCorr
                  | Dex-5 SInv}
 49027 | Spider:3 | Found the ring of the Octopus King
 49034 | Spider:3 | Identified a ring of the Octopus King {Wiz HP+2 AC+2 EV+2
                  | SH+2}
 49155 | Spider:4 | Entered Level 4 of the Spider Nest
 49692 | Spider:4 | Reached skill level 10 in Evocations
 50865 | Spider:4 | Got a gossamer rune of Zot
 51178 | Orc:2    | Bought the ring "Goqeucus" {rPois MP+9 Str+4 Stlth-} for
                  | 496 gold pieces
 51244 | Elf:1    | Entered Level 1 of the Elven Halls
 51266 | Elf:1    | Found a radiant altar of Vehumet.
 51273 | Elf:1    | Reached skill level 13 in Shields
 51273 | Elf:1    | Reached skill level 17 in Air Magic
 51319 | Elf:1    | Reached skill level 11 in Evocations
 51494 | Elf:1    | Reached XP level 19. HP: 159/170 MP: 28/36
 51876 | Elf:1    | Found a crumbling gateway.
 51881 | Elf:1    | Identified the +0 whip of Skirmishing {freeze, SInv}
 52091 | Elf:1    | Paralysed by an air elemental for 1 turns
 52096 | Elf:1    | Got the Verses on Leadership
 52127 | Elf:1    | Identified the +1 buckler "Tisases" {rElec Int+3}
 52296 | Elf:1    | Found Xuamidypte's CLEARANCE SALE!.
 52304 | Elf:1    | Bought a potion of curing for 9 gold pieces
 52657 | Elf:2    | Reached skill level 18 in Air Magic
 52659 | Elf:2    | Reached skill level 12 in Evocations
 53239 | Elf:2    | Found a runed translucent gate.
 53239 | Elf:2    | Found a runed translucent gate.
 53239 | Elf:2    | Found a runed translucent gate.
 53344 | Elf:2    | Found a runed translucent door.
 53345 | Elf:2    | Noticed Wopeutesag's ghost (adept DECj)
 53461 | Elf:2    | Identified the +2 robe of the Land of Plenty {rC+++ Str-4
                  | Slay+5 Stlth+}
 53624 | Elf:3    | Entered Level 3 of the Elven Halls
 53633 | Elf:3    | Reached skill level 8 in Transmutations
 53862 | Elf:3    | Reached skill level 6 in Stealth
 53916 | Elf:3    | Found Amity's Jewellery Shop.
 53916 | Elf:3    | Found Jyof's Book Shoppe.
 54033 | Elf:3    | Found Riet's Jewellery Shop.
 54048 | Elf:3    | Bought the ring "Huagguoh" {rC+ rCorr Str+5 Dex+3} for 711
                  | gold pieces
 54759 | Elf:3    | Found Ledes's Book Emporium.
 54976 | Elf:3    | Identified the ring "Mietovun" {*Slow Fly rF+ rN++ Will+}
 55808 | Elf:3    | Reached skill level 7 in Stealth
 55887 | Elf:3    | Identified the +7 great sword of the Fabulous God {holy,
                  | rPois rCorr}
 55943 | Elf:3    | Reached skill level 11 in Dodging
 56054 | Elf:3    | Reached skill level 9 in Transmutations
 56065 | Elf:3    | Identified the +2 spear of Veehy {heavy, Int+2}
 56112 | Elf:3    | Identified the +1 mace of Ontion Joto {spect, *Noise Str+4
                  | Int+4}
 56112 | Elf:3    | Identified the +0 chain mail of Recklessness {rF- Int+4
                  | Dex+2}
 56765 | Elf:3    | Got Sif Muna's Spellbook of Variation
 56784 | Elf:3    | Got Qozitz's Volume of Dark Geology
 56789 | Elf:3    | Identified the staff of conjuration "Egeup" {Will+}
 56796 | Elf:3    | Identified the staff of air "Qoebaa" {rElec Will+ Str+4}
 56798 | Elf:3    | Identified the +9 hand crossbow of the Battered Villages
                  | {freeze, rF+ Dex+2 SInv}
 56800 | Elf:3    | Identified the staff of cold "Mashif" {rC+ rN+ Dex-4 SInv}
 56803 | Elf:3    | Got Gofosui's Handbook of Thunder
 56809 | Elf:3    | Learned a level 4 spell: Airstrike
 56818 | Elf:3    | Learned a level 8 spell: Maxwell's Capacitive Coupling
 57133 | Vaults:1 | Entered Level 1 of the Vaults
 57243 | Vaults:1 | Reached skill level 10 in Transmutations
 57374 | Vaults:1 | Reached skill level 12 in Dodging
 57521 | Vaults:1 | Reached XP level 20. HP: 178/178 MP: 37/37
 59383 | Vaults:2 | Reached skill level 16 in Fighting
 59396 | Vaults:2 | Reached skill level 19 in Air Magic
 59741 | Vaults:2 | Reached skill level 14 in Spellcasting
 59942 | Vaults:2 | Noticed Zenata
 59956 | Vaults:2 | Killed Zenata
 60495 | Vaults:2 | Found a staircase to the Crypt.
 60495 | Vaults:2 | Found a basalt altar of Yredelemnul.
 60495 | Vaults:2 | Found an ancient bone altar of Kikubaaqudgha.
 60663 | Vaults:2 | Identified a scroll of acquirement
 60671 | Vaults:2 | Acquired the +1 pair of boots of Wukoab {rElec rC+ rN+++
                  | Dex-2}
 60810 | Vaults:2 | Noticed Sojobo
 60828 | Vaults:2 | Killed Sojobo
 61231 | Vaults:3 | Noticed Boris
 61236 | Vaults:3 | Killed Boris
 61564 | Vaults:3 | Reached XP level 21. HP: 190/190 MP: 31/39
 61601 | Vaults:3 | Reached skill level 17 in Fighting
 61896 | Vaults:3 | Reached skill level 20 in Air Magic
 62132 | Vaults:3 | Noticed Frederick
 62137 | Vaults:3 | Killed Frederick
 62138 | Vaults:3 | Reached skill level 15 in Spellcasting
 62159 | Vaults:3 | Found a runed translucent door.
 62159 | Vaults:3 | Noticed Ceba Yti's ghost (veteran GrFi)
 62199 | Vaults:3 | Noticed a golden dragon
 63086 | Vaults:3 | Killed Ceba Yti's ghost
 63087 | Vaults:3 | Reached skill level 18 in Fighting
 63215 | Vaults:4 | Noticed Boris
 63219 | Vaults:4 | Killed Boris
 63696 | Vaults:4 | Reached skill level 16 in Spellcasting
 64656 | Depths:1 | Entered Level 1 of the Depths
 65114 | Depths:1 | Reached skill level 17 in Spellcasting
 65164 | Depths:1 | Found a one-way gateway to a ziggurat.
 65182 | Depths:1 | Found a gateway to Hell.
 65598 | Depths:1 | Reached XP level 22. HP: 202/202 MP: 40/43
 66043 | Depths:1 | Reached skill level 18 in Spellcasting
 66411 | Depths:1 | Noticed a caustic shrike
 66418 | Depths:1 | Killed a caustic shrike
 66639 | Depths:1 | Identified the +4 falchion of the Wasteland {antimagic,
                  | Str+3}
 66655 | Depths:1 | Noticed a golden dragon
 66659 | Depths:1 | Killed a golden dragon
 66743 | Depths:1 | Noticed a caustic shrike
 66748 | Depths:1 | Noticed a caustic shrike
 66749 | Depths:1 | Killed a caustic shrike
 66885 | Depths:1 | Killed a caustic shrike
 66968 | Depths:1 | Noticed a caustic shrike
 66979 | Depths:1 | Killed a caustic shrike
 66983 | Depths:1 | Found a snail-covered altar of Cheibriados.
 67207 | Depths:2 | Noticed Grunn
 67213 | Depths:2 | Killed Grunn
 67373 | Depths:2 | Reached skill level 14 in Shields
 67442 | Depths:2 | Found a one-way gate leading to the halls of Pandemonium.
 67563 | Depths:2 | Identified the staff of cold "Giecvein" {Fragile rPois rC+
                  | Dex+6 SInv}
 67567 | Depths:2 | Found a runed translucent door.
 67573 | Depths:2 | Reached skill level 19 in Fighting
 67576 | Depths:2 | Identified the scarf of the Hunter {shadows, rElec}
 67581 | Depths:2 | Identified the +8 trident "Trog's Righteous Fury" {venom,
                  | Contam Fly Will+ Int+5}
 67629 | Depths:2 | Identified the +0 scale mail "Vatonk" {-Tele Dex+4}
 68586 | Depths:3 | Noticed a golden dragon
 68597 | Depths:3 | Killed a golden dragon
 68635 | Depths:3 | Noticed Saint Roka
 68641 | Depths:3 | Reached skill level 19 in Spellcasting
 68723 | Depths:3 | Killed Saint Roka
 68754 | Depths:3 | Reached XP level 23. HP: 213/213 MP: 45/46
 69046 | Depths:3 | Found a one-way gate to the infinite horrors of the Abyss.
 69071 | Depths:3 | Reached skill level 15 in Shields
 69249 | Depths:3 | Found a runed translucent gate.
 69249 | Depths:3 | Found a runed translucent gate.
 69249 | Depths:3 | Found a runed translucent gate.
 69249 | Depths:3 | Noticed Biunumosm's ghost (adept OpVM)
 69434 | Depths:3 | Found a runed translucent door.
 69857 | Depths:3 | Reached skill level 20 in Fighting
 70071 | Depths:3 | Identified the +0 ring mail of the Thoughtful Spines {rC+
                  | Stlth+}
 70155 | Depths:4 | Entered Level 4 of the Depths
 70487 | Depths:4 | Noticed the Enchantress
 70495 | Depths:4 | Killed the Enchantress
 70590 | Depths:4 | Reached skill level 20 in Spellcasting
 70914 | Depths:4 | Reached skill level 21 in Fighting
 71042 | Depths:4 | Found a gate to the Realm of Zot.
 71733 | Slime:1  | Entered Level 1 of the Pits of Slime
 71925 | Slime:2  | Noticed Dissolution
 72230 | Vaults:5 | Entered Level 5 of the Vaults
 72314 | Vaults:5 | Identified the ring "Dutisiv" {*Slow rElec rF+ Str+3}
 72689 | Vaults:5 | Identified the +3 chain mail "Valul" {Harm Str+2}
 72728 | Vaults:5 | Got a silver rune of Zot
 72761 | Vaults:5 | Reached skill level 21 in Spellcasting
 72785 | Vaults:5 | Noticed Bai Suzhen
 72806 | Vaults:5 | Reached XP level 24. HP: 228/228 MP: 10/48
 72814 | Vaults:5 | Killed Bai Suzhen
 73055 | Vaults:5 | Identified the +0 broad axe of Aviw {flame, Dex+3}
 73086 | Vaults:5 | Reached skill level 13 in Evocations
 73087 | Vaults:5 | Noticed an ancient lich
 73098 | Vaults:5 | Reached skill level 13 in Dodging
 73106 | Vaults:5 | Killed an ancient lich
 74130 | Vaults:5 | Identified the staff of earth "Hotaffoo" {rPois rN+}
 74311 | Vaults:5 | Noticed a dread lich
 74316 | Vaults:5 | Reached skill level 14 in Evocations
 74324 | Vaults:5 | Killed a dread lich
 74410 | Vaults:5 | Reached skill level 14 in Dodging
 74687 | Vaults:5 | Identified the +2 dagger "Laraysaz" {elec, rF+ rN++ Str-4}
 74705 | Vaults:5 | Got the Opusculum on Conduction
 75062 | Zot:1    | Entered Level 1 of the Realm of Zot
 75587 | Zot:2    | Reached skill level 15 in Dodging
 76946 | Zot:3    | Reached skill level 16 in Dodging
 77636 | Zot:3    | Reached XP level 25. HP: 235/235 MP: 45/48
 77971 | Zot:4    | Noticed an orb of fire
 77977 | Zot:4    | Killed an orb of fire
 77978 | Zot:4    | Reached skill level 15 in Evocations
 78877 | Zot:4    | Reached skill level 22 in Spellcasting
 79964 | Zot:5    | Entered Level 5 of the Realm of Zot
 80151 | Zot:5    | Noticed Calu's ghost (legendary KoHu)
 80157 | Zot:5    | Found a runed translucent gate.
 80157 | Zot:5    | Found a runed translucent gate.
 80158 | Zot:5    | Found a runed translucent gate.
 80546 | Zot:5    | Noticed an orb of fire
 80546 | Zot:5    | Noticed a Killer Klown
 80550 | Zot:5    | Got the Orb of Zot
 80972 | D:7      | Noticed Hilir the pandemonium lord
 81110 | D:2      | Noticed Tiekia the pandemonium lord
 81145 | D:$      | Escaped with the Orb!

Illustrated notes

Levels and vault maps discovered:
D:1:      shiori_arrival_elements, layout_basic, serial_shops, shop,
          nicolae_concentric_dashed_squares_wild
D:2:      layout_rooms, uniq_robin
D:3:      layout_loops_ring, lemuel_tele_altar
D:4:      layout_gridville, nzn_wu_jian_contemplation,
          mainiacjoe_overflow_alcove_4, lemuel_crystal_altar,
          cheibrodos_sewer_entry_bend
D:5:      cheibrodos_barr_body, layout_basic,
          mainiacjoe_overflow_concentric_impassable, nicolae_wooded_promenade,
          uniq_pikel, uniq_grinder
D:6:      layout_cave_pools, ashenzari_altar_1, gammafunk_temple_overflow_claw,
          minmay_temple_entry_wispy, minivault_24, corner_web_ring,
          grunt_decor_arrowhead, kennysheep_cross_bottleneck, kennysheep_dice
D:7:      layout_cave_pools, nemelex_xobeh_ov_fountains_minmay,
          minmay_misc_feat_four_crosses, st_stairs_7, uniq_joseph
D:8:      layout_loops_ring, serial_shops, nicolae_shop_advertising_works
          [nicolae_subvault_shop_adworks], shop
D:9:      layout_gridville, serial_shops, nicolae_shop_behind_doors,
          nicolae_island_escapes
D:10:     layout_basic, amcnicky_altar_gilded, hellmonk_lair_entry_icy,
          erik_orc_3, dk_noncrumbling_3
D:11:     layout_grid_maze, minivault_16
D:12:     layout_cross, guppyfry_shop_venom
D:13:     layout_basic, skrybe_vaults_entry_preservation, serial_shops,
          nicolae_shop_waterfront, uniq_snorg
D:14:     lemuel_traditional_vault, layout_basic, minivault_12, uniq_rupert,
          uniq_louise
D:15:     gammafunk_depths_entry_grave, layout_loops_ring,
          chequers_serial_rivers_micro_c, gauntlet_entry_generic, serial_shops,
          shop, dk_noncrumbling_2
Lair:1:   layout_gridlike, ebering_ghost_funeral_grove, uniq_fannar
Lair:2:   layout_gridlike, minmay_shoals_entry_lonely_mermaid,
          grunt_megastairs_1, uniq_amaemon
Lair:3:   layout_cave_pods, nicolae_spider_entry_lesser_pyramids,
          lemuel_fruit_tree, uniq_nergalle
Lair:4:   layout_regular_city
Lair:5:   cheibrodos_lair_end_hotspot, layout_regular_city, slime_entry_2,
          serial_bayou_shore_b
Shoals:1: layout_shoals
Shoals:2: layout_shoals
Shoals:3: layout_shoals, overgrown_statue
Shoals:4: shoals_end_grunt_ice, layout_shoals, serial_shops, shop_statue
Spider:1: nicolae_spider_hilbert_zone_1 [nicolae_spider_hilbert_4_sides_1_open,
          nicolae_spider_hilbert_4_sides_1_open,
          nicolae_spider_hilbert_4_sides_1_open,
          nicolae_spider_hilbert_4_sides_1_open,
          nicolae_spider_hilbert_3_sides_1_open,
          nicolae_spider_hilbert_3_sides_1_open,
          nicolae_spider_hilbert_3_sides_1_open,
          nicolae_spider_hilbert_3_sides_1_open,
          nicolae_spider_hilbert_3_sides_1_open,
          nicolae_spider_hilbert_6_sides_1_open,
          nicolae_spider_hilbert_6_sides_1_open,
          nicolae_spider_hilbert_3_sides_1_open,
          nicolae_spider_hilbert_3_sides_1_open,
          nicolae_spider_hilbert_3_sides_1_open,
          nicolae_spider_hilbert_3_sides_1_open,
          nicolae_spider_hilbert_2_sides_1_open], uniq_kirke, uniq_agnes,
          uniq_jorgrun
Spider:2: layout_spider_delve, uniq_arachne
Spider:3: layout_spider_delve, nicolae_spider_rock_and_or_roll,
          hangedman_spider_tarantella_strand
Spider:4: spider_rune_water
Slime:1:  cheibrodos_slime_lost_civilization_3, layout_caves
Slime:2:  layout_caves, uniq_dissolution
Orc:1:    layout_caves, ebering_ghost_reflecting_pool, nicolae_orc_tapped_out,
          uniq_maurice
Orc:2:    st_orc_pillars, layout_diamond_mine, uniq_donald
Elf:1:    eino_elf_arrival_altar, layout_geoelf_octagon,
          portal_desolation_entry_ruin, minmay_elf_demonology,
          nicolae_shop_clearance
Elf:2:    elven_hall_of_blades_hangedman_original [nicolae_blade_little_rooms],
          layout_gridlike, gammafunk_ghost_grave, drop_trap,
          serial_sigils_hangedman_clutch, minivault_27, minmay_strange_pillars
Elf:3:    grunt_elf_hall_asides, layout_geoelf_grid, serial_shops,
          nicolae_lakefront_shop, grunt_ministairs_14, minmay_shop_grove
Vaults:1: v_misc_15, nicolae_vaults_quartermaster, v_rooms_3,
          vaults_dpeg_emergency_exit, nicolae_vaults_network_periphery,
          hangedman_vaults_cutoff, nicolae_vaults_network_square,
          grunt_vaults_bifocal, vaults_room_semicircle,
          nicolae_vaults_what_the_h, nicolae_vaults_windows_and_doors_thing,
          v_misc_13, layout_vaults_maze
Vaults:2: grunt_vaults_focal, minmay_crypt_entry_necro_gods,
          ontoclasm_vaults_fault, v_misc_17, vaults_dpeg_doors,
          vaults_room_door_hall, nicolae_vaults_hallways_thing,
          nicolae_vaults_yaktaur_gun_rack, vaults_mumra_minichess,
          nicolae_vaults_gold_heap, nicolae_vaults_mini_display_case,
          layout_vaults_omnicross, uniq_zenata, uniq_sojobo
Vaults:3: ebering_ghost_inner_flame, v_misc_16, nicolae_vaults_network_star,
          nicolae_vaults_little_squares_3, v_alt_pattern_5,
          nicolae_vaults_alarming, vaults_room_hangedman_quadrants, v_pattern_3,
          ontoclasm_vaults_loading_screen, v_misc_2,
          nicolae_vaults_specimen_jars, ontoclasm_vaults_eye,
          layout_vaults_quadrants, uniq_boris, uniq_frederick
Vaults:4: nicolae_vaults_circle_grid_a, hangedman_vaults_maws,
          grunt_vaults_hallway_long, st_smaller_cells, v_misc_9,
          nicolae_vaults_shelves_hall, vaults_room_pools, v_misc_14,
          vaults_room_pool, hangedman_vaults_restitches,
          nicolae_vaults_little_squares_3, vaults_room_pool,
          ontoclasm_vaults_decontamination, layout_vaults_big_room
Vaults:5: serial_shops, uniq_bai_suzhen
Depths:1: pf_snail_temple, layout_gridlike, enter_ziggurat_b, serial_sigils,
          serial_sigils_hangedman_quiver, serial_sigils_hangedman_quiver,
          serial_sigils_hangedman_gnaw, serial_sigils_hangedman_quiver,
          hell_entry, special_room [special_room_morgue]
Depths:2: minmay_the_grid_triangle_9x9_recursive_2_mashed
          [minmay_the_grid_triangle_9x9_prize_insulated,
          minmay_the_grid_triangle_9x9_descending_squares,
          minmay_the_grid_triangle_9x9_subtriangle,
          minmay_the_grid_triangle_9x9_cache], layout_honeycomb, pan_entry,
          serial_co_window_serial, co_window_of_opportunity_a,
          co_window_corner_a, co_window_of_opportunity_a, co_window_paths_a,
          co_window_paths_b, co_window_broadway_c, co_window_2corner,
          co_window_broadway_c, co_window_of_opportunity_b, co_window_paths_c,
          glass_columns_a, glass_columns_a, glass_columns_a, hell_entry,
          infiniplex_staircase_zigzag_3, uniq_grunn
Depths:3: kennysheep_demon_jail, layout_cave_pools, minmay_misc_feat_diagonals,
          biasface_ghost_demon_polymorph, grunt_hell_entry_dis_grunt,
          abyss_entry, hangedman_decor_clover_reticule, lightli_giant_bouncers,
          uniq_saint_roka
Depths:4: evilmike_zot_entry_basic, layout_honeycomb,
          minmay_misc_feat_secret_circle, pf_hell_entry_great_geh,
          uniq_enchantress
Zot:1:    layout_concentric_octagons, gammafunk_ghost_abyssal_escape
Zot:2:    layout_twisted_circle, nicolae_lava_and_water
Zot:3:    layout_onion_interference, amethyst_zot_foddershock
Zot:4:    nicolae_moth_party, layout_onion
Zot:5:    layout_cathedral_of_symmetry, gammafunk_ghost_split,
          hangedman_zot_decor_tridents

Skill      XL: |  1  2  3  4  5  6  7  8  9 10 11 12 13 14 15 16 17 18 19 20 21 22 23 24 25 |
---------------+----------------------------------------------------------------------------+-----
Stealth        | 1 2 3 5 7 |  7.0
Fire Magic     | 4 5 6 10 12 | 12.0
Spellcasting   | 2 4 6 7 8 9 10 12 13 14 17 19 21 22 | 22.7
Fighting       | 4 6 8 9 10 13 15 16 18 19 21 | 21.0
Dodging        | 1 3 4 5 6 7 8 9 10 12 16 | 16.0
Air Magic      | 4 9 10 12 15 17 18 19 20 | 20.0
Conjurations   | 3 4 6 7 9 10 | 10.0
Evocations     | 2 5 6 8 11 12 14 15 | 15.0
Translocations | 3 |  3.0
Shields        | 6 8 9 11 13 14 15 | 15.0
Transmutations | 3 6 7 10 | 10.0
Axes           | |  3.0

Action                     |  1- 3 |  4- 6 |  7- 9 | 10-12 | 13-15 | 16-18 | 19-21 | 22-24 | 25-27 || total
---------------------------+-------+-------+-------+-------+-------+-------+-------+-------+-------++-------
  Melee: Hand axe          |    62 |       |       |       |       |       |       |       |       ||    62
         Tailslap          |     4 |     9 |    12 |    21 |    42 |    47 |    52 |    45 |     5 ||   237
         Dagger            |    14 |    58 |    82 |    73 |       |       |       |       |       ||   227
         Punch             |       |       |     2 |       |       |       |       |       |       ||     2
         Staff             |       |       |       |   110 |   274 |   201 |   219 |   155 |     8 ||   967
   Fire: Sling             |    23 |       |       |       |       |       |       |       |       ||    23
  Throw: Dart              |       |     1 |     9 |     4 |       |       |       |       |       ||    14
   Cast: Scorch            |    19 |    30 |    78 |    17 |       |    23 |       |       |       ||   167
         Plasma Beam       |       |       |    13 |    86 |   277 |   417 |   358 |   404 |    61 ||  1616
         Static Discharge  |       |       |     2 |    44 |       |       |       |       |       ||    46
         Blink             |       |       |       |     8 |       |       |       |       |       ||     8
         Arcjolt           |       |       |       |    39 |   111 |   208 |   109 |   111 |    15 ||   593
         Irradiate         |       |       |       |       |     3 |    56 |    31 |    44 |     7 ||   141
         Maxwell's Capacit |       |       |       |       |       |       |    40 |    42 |    30 ||   112
         Airstrike         |       |       |       |       |       |       |    21 |   182 |    67 ||   270
         Apportation       |       |       |       |       |       |       |       |       |     1 ||     1
Ability: Breathe Lightning |       |       |     7 |     9 |     8 |       |       |       |       ||    24
  Evoke: Wand              |       |       |     3 |     3 |     9 |     1 |     2 |    15 |     3 ||    36
         Phial of floods   |       |       |       |     1 |       |     2 |     1 |       |       ||     4
         Condenser vane    |       |       |       |       |       |     2 |     1 |     4 |       ||     7
         Lightning rod     |       |       |       |       |       |     4 |     2 |       |       ||     6
         Tin of tremorston |       |       |       |       |       |       |     3 |     2 |       ||     5
         Phantom mirror    |       |       |       |       |       |       |       |     1 |       ||     1
    Use: Potion            |     1 |       |     1 |       |     1 |     3 |       |     1 |     4 ||    11
         Scroll            |       |     3 |     7 |    17 |    12 |     5 |     1 |    10 |     9 ||    64
   Stab: Distracted        |       |       |       |       |       |     1 |     1 |       |       ||     2
         Sleeping          |       |       |       |       |       |       |     1 |       |       ||     1
 Armour: Skin              |    25 |    11 |    58 |   153 |   226 |   272 |   166 |   212 |    30 ||  1153
  Dodge: Dodged            |    41 |    33 |    98 |   191 |   266 |   449 |   283 |   361 |    62 ||  1784
  Block: Kite shield       |       |       |       |       |   186 |   563 |   418 |   516 |    87 ||  1770
         Reflection        |       |       |       |       |    21 |    36 |    67 |    18 |     4 ||   146

Table legend: (Time is in decaauts)
 A = Elapsed time spent in this place.
 B = Non-inter-level travel time spent in this place.
 C = Inter-level travel time spent in this place.
 D = Time resting spent in this place.
 E = Time spent auto-exploring this place.
 F = Levels seen in this place.
 G = Mean time per level.
                   A        B        C        D        E       F      G
               +--------+--------+--------+--------+--------+-----+--------+
         Total |  81571 |  75759 |   5812 |  20522 |  42455 |  50 | 1631.4 |
       Dungeon |  21303 |  18776 |   2527 |   4028 |  11749 |  15 | 1420.2 |
          Lair |  11212 |  10197 |   1015 |   4074 |   4685 |   5 | 2242.4 |
        Shoals |   8600 |   8401 |    199 |   3019 |   4272 |   4 | 2150.0 |
   Spider Nest |   8114 |   7756 |    358 |   2534 |   3908 |   4 | 2028.5 |
    Slime Pits |    162 |    162 |      0 |    118 |      0 |   2 |   81.0 |
  Orcish Mines |   3063 |   2767 |    296 |    495 |   1524 |   2 | 1531.5 |
   Elven Halls |   5744 |   5529 |    215 |   2422 |   2309 |   3 | 1914.7 |
        Vaults |  10259 |   9747 |    512 |    831 |   7074 |   5 | 2051.8 |
        Depths |   7000 |   6599 |    401 |    461 |   4680 |   4 | 1750.0 |
           Zot |   5564 |   5279 |    285 |   2520 |   1986 |   5 | 1112.8 |
      Gauntlet |    545 |    545 |      0 |     18 |    267 |   1 |  545.0 |
               +--------+--------+--------+--------+--------+-----+--------+

Top non-repeatable levels by time:
   Elf:3: 3284 daAuts
  Lair:3: 2831 daAuts
    D:10: 2794 daAuts
Shoals:4: 2663 daAuts
Depths:1: 2621 daAuts
Spider:2: 2597 daAuts
Shoals:2: 2414 daAuts
Vaults:5: 2401 daAuts
     D:5: 2322 daAuts
Spider:1: 2241 daAuts
Vaults:3: 2228 daAuts
  Lair:5: 2213 daAuts
Vaults:1: 2118 daAuts
  Lair:2: 2116 daAuts
Shoals:3: 2084 daAuts
